Stars vs Canadiens

Created - Wednesday, March 09, 2016 at 04:08

Goals
1 2 3 T
Stars 1 0 0 1
Canadiens 2 3 3 8
Shots
1 2 3 T
Stars 15 7 9 31
Canadiens 10 12 12 34

1st period

1. Canadiens , Alex Goligoski 6 (Radim Vrbata, Joe Thornton) at 1:27 (PP)
2. Stars , Daniel Paille 12 (Ryan Wilson) at 7:44
3. Canadiens , Joe Thornton 24 (Radim Vrbata) at 18:34 (PP)

Penalties :
Daniel Paille (Dal) for Hooking (Minor) at 1:17, Jamie Oleksiak (Dal) for Roughing (Minor) at 3:11, Mathieu Perreault (Mon) for Hooking (Minor) at 7:54, Erik Haula (Dal) for Tripping (Minor) at 17:44

2nd period

4. Canadiens , Justin Abdelkader 41 (Radim Vrbata, Joe Thornton) at 0:22 (PP)
5. Canadiens , Joe Thornton 25 (Jordie Benn, Ben Lovejoy) at 3:55 (PP)
6. Canadiens , Radim Vrbata 42 (Joe Thornton, Alex Goligoski) at 7:01 (PP)

Penalties :
Brett Ritchie (Dal) for Holding (Minor) at 0:08, Ryan Wilson (Dal) for Hooking (Minor) at 2:56, Cory Conacher (Dal) for Cross-checking (Minor) at 5:57, Mike Ribeiro (Mon) for Delaying the game (Minor) at 8:03, Cory Conacher (Dal) for Slashing (Minor) at 10:47, Jaromir Jagr (Mon) for Hooking (Minor) at 15:33, Dennis Seidenberg (Mon) for Hooking (Minor) at 16:20, Maxim Lapierre (Mon) for Hooking (Minor) at 19:39

3rd period

7. Canadiens , Mathieu Perreault 37 (Francois Beauchemin) at 18:09
8. Canadiens , Braydon Coburn 4 (Justin Abdelkader, Radim Vrbata) at 18:17
9. Canadiens , Ryan Callahan 40 (Mathieu Perreault, Mike Ribeiro) at 18:33 (PP)

Penalties :
Cory Conacher (Dal) for Roughing (Minor) at 2:39, Ryan Wilson (Dal) for Hooking (Minor) at 4:50, Justin Abdelkader (Mon) for Interference (Minor) at 9:35, Alexandre Burrows (Dal) for Tripping (Minor) at 18:20, Justin Abdelkader (Mon) for Interference (Minor) at 19:02

Goalie Stats

Tom McCollum (Dal), 13 saves from 17 shots - (0.765), L, 5-32-2, 23:55 minutes
Joacim Eriksson (Dal), 13 saves from 17 shots - (0.765), 36:05 minutes
Pekka Rinne (Mon), 30 saves from 31 shots - (0.968), W, 36-13-8, 60:00 minutes

Players Stats for Stars

Player Name              G  A  P  +/- PIM S  H  SB GA TA FO     MP     PP MP  PK MP  
------------------------------------------------------------------------------------
Aaron Johnson            0  0  0   0  0   0  0  0  0  0  0/0     9:04   0:00   2:50 
Alex Petrovic            0  0  0   0  0   0  0  0  0  0  0/0     0:00   0:00   0:00 
Alexandre Burrows        0  0  0  -1  2   0  1  0  0  1  0/1     8:09   0:00   0:00 
Bo Horvat                0  0  0   1  0   1  1  1  1  0  3/7    12:43   0:42   0:00 
Brett Ritchie            0  0  0   0  2   1  1  0  1  1  3/16   22:27   6:13   7:20 
Casey Cizikas            0  0  0  -1  0   4  2  0  2  2  3/13   20:04   6:29   3:44 
Cory Conacher            0  0  0   0  6   1  4  0  0  0  2/10   16:50   6:55   0:00 
Daniel Paille            1  0  1   1  2   4  3  1  2  0  0/0    19:26   5:10   1:30 
Erik Haula               0  0  0  -1  2   0  0  1  3  3  4/11   21:06   4:44   7:42 
Gabriel Bourque          0  0  0   1  0   0  2  0  0  0  0/0    12:01   0:00   0:00 
Jamie Oleksiak           0  0  0  -1  2   2  0  4  0  1  0/0    27:30   6:14   4:31 
John Moore               0  0  0  -1  0   3  4  0  0  2  0/0    22:53   6:14   5:04 
Jonathan Drouin          0  0  0  -1  0   2  0  0  1  0  0/1     7:15   0:00   0:00 
Manny Malhotra           0  0  0  -1  0   1  1  0  0  0  0/0     6:43   0:00   0:00 
Matt Tennyson            0  0  0  -1  0   1  3  1  0  2  0/0    22:17   5:25   5:04 
Mike Richards            0  0  0  -1  0   10 4  0  2  1  6/10   20:51   4:44   2:36 
Patrik Nemeth            0  0  0   0  0   0  0  3  0  0  0/0    17:05   0:00   0:00 
Ryan Wilson              0  1  1   1  4   1  4  1  1  2  0/0    22:00   5:25   5:23 

Players Stats for Canadiens

Player Name              G  A  P  +/- PIM S  H  SB GA TA FO     MP     PP MP  PK MP  
------------------------------------------------------------------------------------
Alex Goligoski           1  1  2   0  0   3  1  1  0  2  0/0    28:43   7:11   6:25 
Ben Lovejoy              0  1  1  -1  0   2  1  1  0  2  0/0    20:29   4:15   5:14 
Braydon Coburn           1  0  1   2  0   3  1  0  0  1  0/0    17:56   0:00   7:10 
Brian Boyle              0  0  0   0  0   0  1  1  1  0  6/6    18:52   0:00   8:13 
Dennis Seidenberg        0  0  0   0  2   0  0  2  0  1  0/0    16:50   0:00   3:41 
Francois Beauchemin      0  1  1   2  0   1  0  0  0  0  0/0    21:27   7:11   0:47 
Gregory Campbell         0  0  0   0  0   0  2  1  0  0  2/3     5:49   0:00   1:27 
Jaromir Jagr             0  0  0   0  2   1  0  0  4  0  2/3    13:16   0:00   2:30 
Joe Thornton             2  3  5   1  0   3  1  0  3  0  11/18  20:33   5:09   1:27 
Jordie Benn              0  1  1  -1  0   4  0  1  0  1  0/0    14:36   4:15   0:00 
Justin Abdelkader        1  1  2   1  4   4  4  0  1  0  0/0    16:15   5:09   0:00 
Kevin Bieksa             0  0  0   0  0   0  0  0  0  0  0/0     0:00   0:00   0:00 
Mathieu Perreault        1  1  2   0  2   3  2  0  2  0  2/5    20:12   6:17   1:47 
Maxim Lapierre           0  0  0   0  2   0  0  0  1  0  6/10   11:01   0:00   6:42 
Mike Ribeiro             0  1  1   0  2   2  1  0  4  1  17/21  17:35   6:17   0:00 
Patrick Eaves            0  0  0   0  0   3  0  0  1  0  0/0    10:08   0:00   0:00 
Radim Vrbata             1  4  5   1  0   2  1  0  3  0  1/1    15:44   5:09   0:00 
Ryan Callahan            1  0  1   0  0   3  3  0  3  0  1/2    17:36   6:17   0:00 

3 Stars

1 - Joe Thornton (Mon)
2 - Radim Vrbata (Mon)
3 - Pekka Rinne (Mon)

Power Play

Stars - 0 on 7 Attempt(s) - 0.00%
Canadiens - 6 on 10 Attempt(s) - 60.00%

Penalty Kill

Stars - 4 on 10 Attempt(s) - 40.00% - Score 0 goal in Penalty Kill
Canadiens - 7 on 7 Attempt(s) - 100.00% - Score 0 goal in Penalty Kill

Team Stat

Stars - Hits : 30 - Faceoff Wins : 21 - Blocked Shots : 12 - Penalty Minutes : 20
Canadiens - Hits : 18 - Faceoff Wins : 48 - Blocked Shots : 7 - Penalty Minutes : 14

Official

Referees : Unknown
Linesman : Unknown

Game Notes

Joacim Eriksson enters game at 3:55 of 2nd period

Finance

Level 1 -- Attendance: 6000 (100.00%) -- Ticket Income $492,000
Level 2 -- Attendance: 4614 (92.28%) -- Ticket Income $230,700
Level 3 -- Attendance: 1793 (89.65%) -- Ticket Income $50,204
Level 4 -- Attendance: 3644 (91.10%) -- Ticket Income $61,948
Luxury Box -- Attendance: 899 (89.90%) -- Ticket Income $157,325
Game was played at the Bell Centre.
Total Attendance: 16950 (94.17%)
Total Ticket Income: $992,177
Other Income: $486,167
Total Income: $1,478,344

Stars

5 vs 5 Forward 
   Center                   Left Wing                Right Wing               Time % Phy DF OF 
 1 Cory Conacher            Mike Richards            Brett Ritchie            35     1   2  2  
 2 Bo Horvat                Daniel Paille            Gabriel Bourque          30     1   2  2  
 3 Casey Cizikas            Erik Haula               Alexandre Burrows        22     1   2  2  
 4 Mike Richards            Manny Malhotra           Jonathan Drouin          13     1   2  2  

5 vs 5 Defense 
   Defense                  Defense                                           Time % Phy DF OF 
 1 Jamie Oleksiak           John Moore                                        35     1   2  2  
 2 Patrik Nemeth            Matt Tennyson                                     30     1   2  2  
 3 Ryan Wilson              Patrik Nemeth                                     22     1   2  2  
 4 Aaron Johnson            Jamie Oleksiak                                    13     1   2  2  

PowerPlay Forward 
   Center                   Left Wing                Right Wing               Time % Phy DF OF 
 1 Brett Ritchie            Casey Cizikas            Cory Conacher            60     1   2  2  
 2 Erik Haula               Daniel Paille            Mike Richards            40     1   2  2  

PowerPlay Defense
   Defense                  Defense                                           Time % Phy DF OF 
 1 Jamie Oleksiak           John Moore                                        60     1   2  2  
 2 Ryan Wilson              Matt Tennyson                                     40     1   2  2  

Penalty Kill 4 Players Forward 
   Center                   Wing                     Time % Phy DF OF 
 1 Erik Haula               Brett Ritchie            60     1   2  2  
 2 Mike Richards            Casey Cizikas            40     1   2  2  

Penalty Kill 4 Players Defense
   Defense                  Defense                  Time % Phy DF OF 
 1 Jamie Oleksiak           Ryan Wilson              60     1   2  2  
 2 John Moore               Matt Tennyson            40     1   2  2  

Penalty Kill - 3 Players Forward 
   Forward                                           Time % Phy DF OF 
 1 Casey Cizikas                                     60     1   2  2  
 2 Brett Ritchie                                     40     1   2  2  

Penalty Kill - 3 Players Defense
   Defense                  Defense                  Time % Phy DF OF 
 1 Jamie Oleksiak           John Moore               60     1   2  2  
 2 Aaron Johnson            Matt Tennyson            40     1   2  2  

4 vs 4 Forward 
   Center                   Wing                     Time % Phy DF OF 
 1 Brett Ritchie            Erik Haula               60     1   2  2  
 2 Mike Richards            Casey Cizikas            40     1   2  2  

4 vs 4 Defense
   Defense                  Defense                  Time % Phy DF OF 
 1 Jamie Oleksiak           Aaron Johnson            60     1   2  2  
 2 John Moore               Matt Tennyson            40     1   2  2  

Last Minutes Offensive
   Center                   Left Wing                Right Wing               Defense                  Defense                  
   Cory Conacher            Mike Richards            Brett Ritchie            Jamie Oleksiak           John Moore               

Last Minutes Defensive
   Center                   Left Wing                Right Wing               Defense                  Defense                  
   Cory Conacher            Mike Richards            Brett Ritchie            Jamie Oleksiak           John Moore               

Goaltenders
Starting : Tom McCollum             
Backup : Joacim Eriksson          

Extra Forwards
Normal : Erik Haula, Casey Cizikas, Brett Ritchie - PP : Erik Haula, Brett Ritchie - PK : Erik Haula
Extra Defensemen
Normal : Ryan Wilson, Jamie Oleksiak, Aaron Johnson - PP : Ryan Wilson - PK : Jamie Oleksiak, Aaron Johnson
Penalty Shots
Daniel Paille, Erik Haula, Brett Ritchie, Casey Cizikas, Mike Richards

Canadiens

5 vs 5 Forward 
   Center                   Left Wing                Right Wing               Time % Phy DF OF 
 1 Joe Thornton             Justin Abdelkader        Radim Vrbata             31     1   1  3  
 2 Mike Ribeiro             Mathieu Perreault        Ryan Callahan            31     1   1  3  
 3 Brian Boyle              Patrick Eaves            Jaromir Jagr             27     1   1  3  
 4 Maxim Lapierre           Gregory Campbell         Joe Thornton             11     1   3  1  

5 vs 5 Defense 
   Defense                  Defense                                           Time % Phy DF OF 
 1 Alex Goligoski           Dennis Seidenberg                                 40     1   2  2  
 2 Francois Beauchemin      Braydon Coburn                                    34     1   2  2  
 3 Jordie Benn              Ben Lovejoy                                       26     1   3  1  
 4 Francois Beauchemin      Dennis Seidenberg                                 0      1   2  2  

PowerPlay Forward 
   Center                   Left Wing                Right Wing               Time % Phy DF OF 
 1 Joe Thornton             Justin Abdelkader        Radim Vrbata             55     1   1  3  
 2 Mike Ribeiro             Mathieu Perreault        Ryan Callahan            45     1   1  3  

PowerPlay Defense
   Defense                  Defense                                           Time % Phy DF OF 
 1 Alex Goligoski           Francois Beauchemin                               60     1   1  3  
 2 Ben Lovejoy              Jordie Benn                                       40     1   2  2  

Penalty Kill 4 Players Forward 
   Center                   Wing                     Time % Phy DF OF 
 1 Maxim Lapierre           Brian Boyle              60     1   3  1  
 2 Gregory Campbell         Joe Thornton             40     1   3  1  

Penalty Kill 4 Players Defense
   Defense                  Defense                  Time % Phy DF OF 
 1 Braydon Coburn           Alex Goligoski           60     1   3  1  
 2 Ben Lovejoy              Dennis Seidenberg        40     1   3  1  

Penalty Kill - 3 Players Forward 
   Forward                                           Time % Phy DF OF 
 1 Brian Boyle                                       60     1   3  1  
 2 Maxim Lapierre                                    40     1   3  1  

Penalty Kill - 3 Players Defense
   Defense                  Defense                  Time % Phy DF OF 
 1 Braydon Coburn           Alex Goligoski           60     1   3  1  
 2 Ben Lovejoy              Dennis Seidenberg        40     1   3  1  

4 vs 4 Forward 
   Center                   Wing                     Time % Phy DF OF 
 1 Mike Ribeiro             Justin Abdelkader        60     1   2  2  
 2 Mathieu Perreault        Ryan Callahan            40     1   2  2  

4 vs 4 Defense
   Defense                  Defense                  Time % Phy DF OF 
 1 Alex Goligoski           Dennis Seidenberg        60     1   2  2  
 2 Braydon Coburn           Francois Beauchemin      40     1   2  2  

Last Minutes Offensive
   Center                   Left Wing                Right Wing               Defense                  Defense                  
   Joe Thornton             Justin Abdelkader        Radim Vrbata             Alex Goligoski           Francois Beauchemin      

Last Minutes Defensive
   Center                   Left Wing                Right Wing               Defense                  Defense                  
   Maxim Lapierre           Brian Boyle              Gregory Campbell         Alex Goligoski           Braydon Coburn           

Goaltenders
Starting : Pekka Rinne              
Backup : Curtis McElhinney        

Extra Forwards
Normal : Jaromir Jagr, Mathieu Perreault, Joe Thornton - PP : Jaromir Jagr, Mike Ribeiro - PK : Jaromir Jagr
Extra Defensemen
Normal : Francois Beauchemin, Braydon Coburn, Alex Goligoski - PP : Dennis Seidenberg - PK : Francois Beauchemin, Alex Goligoski
Penalty Shots
Radim Vrbata, Maxim Lapierre, Justin Abdelkader, Mike Ribeiro, Joe Thornton

% Time on Ice - Stars

Lines # - Real PCT - Wanted PCT - Time Play
Normal Forward
1 - 25% - 35% - 9:04
2 - 35% - 30% - 12:58
3 - 22% - 22% - 8:10
4 - 18% - 13% - 6:43
Normal Defense
1 - 29% - 35% - 10:38
2 - 32% - 30% - 11:48
3 - 22% - 22% - 8:15
4 - 17% - 13% - 6:14
PP Forward
1 - 59% - 60% - 6:55
2 - 41% - 40% - 4:44
PP Defense
1 - 54% - 60% - 6:14
2 - 46% - 40% - 5:25
PK Forward
1 - 77% - 60% - 8:50
2 - 23% - 40% - 2:36
PK Defense
1 - 56% - 60% - 6:22
2 - 44% - 40% - 5:04
PK3 Forward
1 - 0% - 60%
2 - 0% - 40%
PK3 Defense
1 - 0% - 60%
2 - 0% - 40%
44 Forward
1 - 0% - 60%
2 - 0% - 40%
44 Defense
1 - 0% - 60%
2 - 0% - 40%
Last Minute Offensive  - 0:00
Last Minute Defensive  - 0:00
Total
Forward - 60:00
Defense - 60:00

% Time on Ice - Canadiens

Lines # - Real PCT - Wanted PCT - Time Play
Normal Forward
1 - 30% - 31% - 11:06
2 - 32% - 31% - 11:52
3 - 27% - 27% - 10:08
4 - 10% - 11% - 3:49
Normal Defense
1 - 42% - 40% - 15:20
2 - 29% - 34% - 10:38
3 - 27% - 26% - 10:09
4 - 2% - 0% - 0:48
PP Forward
1 - 45% - 55% - 5:09
2 - 55% - 45% - 6:17
PP Defense
1 - 63% - 60% - 7:11
2 - 37% - 40% - 4:15
PK Forward
1 - 86% - 60% - 9:00
2 - 14% - 40% - 1:27
PK Defense
1 - 62% - 60% - 6:26
2 - 38% - 40% - 4:01
PK3 Forward
1 - 100% - 60% - 1:12
2 - 0% - 40% - 0:00
PK3 Defense
1 - 61% - 60% - 0:44
2 - 39% - 40% - 0:28
44 Forward
1 - 0% - 60%
2 - 0% - 40%
44 Defense
1 - 0% - 60%
2 - 0% - 40%
Last Minute Offensive  - 0:00
Last Minute Defensive  - 0:00
Total
Forward - 60:00
Defense - 60:00

Play by Play

1st period


0:01 of 1st period - Joe Thornton wins face-off versus Brett Ritchie in neutral zone.
0:14 of 1st period - Slapshot by Mike Richards.
0:14 of 1st period - Deflect By Brett Ritchie.
0:14 of 1st period - Shot Misses the Net.
0:14 of 1st period - Puck is out of play.
0:15 of 1st period - Cory Conacher wins face-off versus Joe Thornton in Canadiens zone.
0:20 of 1st period - Wrist shot by Mike Richards.
0:20 of 1st period - Stopped by Pekka Rinne without a rebound.
0:21 of 1st period - Mike Ribeiro wins face-off versus Bo Horvat in Canadiens zone.
0:21 of 1st period - Mike Ribeiro is hit by Gabriel Bourque.
0:29 of 1st period - Backhand shot by Ryan Callahan.
0:29 of 1st period - Stopped by Tom McCollum without a rebound.
0:30 of 1st period - Mike Ribeiro wins face-off versus Bo Horvat in Stars zone.
0:31 of 1st period - Wrist shot by Mathieu Perreault.
0:31 of 1st period - Shot Misses the Net.
0:33 of 1st period - Snap shot by Braydon Coburn.
0:33 of 1st period - Stopped by Tom McCollum without a rebound.
0:34 of 1st period - Mike Ribeiro wins face-off versus Bo Horvat in Stars zone.
1:17 of 1st period - Minor Penalty to Daniel Paille for Hooking.
1:18 of 1st period - Joe Thornton wins face-off versus Erik Haula in Stars zone.
1:25 of 1st period - Snap shot by Radim Vrbata.
1:25 of 1st period - Shot Misses the Net.
1:27 of 1st period - Slapshot by Alex Goligoski.
1:27 of 1st period - Goal by Alex Goligoski - Stars : 0 - Canadiens : 1.
1:28 of 1st period - Brian Boyle wins face-off versus Casey Cizikas in neutral zone.
1:31 of 1st period - Wrist shot by Jaromir Jagr.
1:31 of 1st period - Stopped by Tom McCollum without a rebound.
1:32 of 1st period - Brian Boyle wins face-off versus Casey Cizikas in Stars zone.
2:21 of 1st period - Slapshot by Ryan Wilson.
2:21 of 1st period - Shot Blocked by Jordie Benn.
2:39 of 1st period - Snap shot by Mike Richards.
2:39 of 1st period - Stopped by Pekka Rinne with a rebound.
2:41 of 1st period - Wrist shot by Cory Conacher.
2:41 of 1st period - Shot Misses the Net.
2:43 of 1st period - Snap shot by Mike Richards.
2:43 of 1st period - Shot Misses the Net.
3:11 of 1st period - Minor Penalty to Jamie Oleksiak for Roughing.
3:12 of 1st period - Erik Haula wins face-off versus Mike Ribeiro in Stars zone.
3:49 of 1st period - Slapshot by Ryan Callahan.
3:49 of 1st period - Shot Misses the Net.
4:01 of 1st period - Casey Cizikas is hit by Justin Abdelkader and loses puck.
4:56 of 1st period - Wrist shot by Joe Thornton.
4:56 of 1st period - Shot Misses the Net.
4:58 of 1st period - Snap shot by Alex Goligoski.
4:58 of 1st period - Shot Misses the Net.
5:00 of 1st period - Slapshot by Alex Goligoski.
5:00 of 1st period - Stopped by Tom McCollum with a rebound.
5:02 of 1st period - Snap shot by Radim Vrbata.
5:02 of 1st period - Stopped by Tom McCollum without a rebound.
5:03 of 1st period - Mike Richards wins face-off versus Joe Thornton in Stars zone.
5:03 of 1st period - Mike Richards is hit by Justin Abdelkader.
5:11 of 1st period - Penalty to Jamie Oleksiak is over, Jamie Oleksiak is back on ice.
5:22 of 1st period - Matt Tennyson is hit by Ryan Callahan and loses puck.
6:33 of 1st period - Icing by Dennis Seidenberg.
6:34 of 1st period - Mike Richards wins face-off versus Maxim Lapierre in Canadiens zone.
6:55 of 1st period - Wrist shot by Jonathan Drouin.
6:55 of 1st period - Stopped by Pekka Rinne with a rebound.
6:57 of 1st period - Wrist shot by Mike Richards.
6:57 of 1st period - Stopped by Pekka Rinne with a rebound.
6:59 of 1st period - Slapshot by Manny Malhotra.
6:59 of 1st period - Stopped by Pekka Rinne without a rebound.
7:00 of 1st period - Brian Boyle wins face-off versus Casey Cizikas in Canadiens zone.
7:39 of 1st period - Ben Lovejoy is hit by Daniel Paille and loses puck.
7:44 of 1st period - Snap shot by Daniel Paille.
7:44 of 1st period - Goal by Daniel Paille - Stars : 1 - Canadiens : 1.
7:45 of 1st period - Mike Ribeiro wins face-off versus Cory Conacher in neutral zone.
7:48 of 1st period - Jamie Oleksiak is hit by Braydon Coburn and loses puck.
7:54 of 1st period - Minor Penalty to Mathieu Perreault for Hooking.
7:55 of 1st period - Maxim Lapierre wins face-off versus Brett Ritchie in Canadiens zone.
7:55 of 1st period - Maxim Lapierre is hit by Casey Cizikas.
8:46 of 1st period - Alex Goligoski is hit by Mike Richards and loses puck.
8:53 of 1st period - Snap shot by Daniel Paille.
8:53 of 1st period - Stopped by Pekka Rinne with a rebound.
8:55 of 1st period - Slapshot by Matt Tennyson.
8:55 of 1st period - Stopped by Pekka Rinne with a rebound.
8:57 of 1st period - Slapshot by Daniel Paille.
8:57 of 1st period - Stopped by Pekka Rinne with a rebound.
9:40 of 1st period - Dennis Seidenberg is hit by Casey Cizikas and loses puck.
9:45 of 1st period - Slapshot by John Moore.
9:45 of 1st period - Shot Misses the Net.
9:47 of 1st period - Snap shot by Casey Cizikas.
9:47 of 1st period - Stopped by Pekka Rinne without a rebound.
9:48 of 1st period - Maxim Lapierre wins face-off versus Brett Ritchie in Canadiens zone.
9:54 of 1st period - Penalty to Mathieu Perreault is over, Mathieu Perreault is back on ice.
9:59 of 1st period - Maxim Lapierre is hit by Mike Richards and loses puck.
11:07 of 1st period - Slapshot by Mathieu Perreault.
11:07 of 1st period - Shot Blocked by Jamie Oleksiak.
11:09 of 1st period - Slapshot by Ben Lovejoy.
11:09 of 1st period - Stopped by Tom McCollum without a rebound.
11:10 of 1st period - Mike Ribeiro wins face-off versus Casey Cizikas in Stars zone.
11:21 of 1st period - Casey Cizikas is hit by Mathieu Perreault and loses puck.
11:57 of 1st period - Wrist shot by Joe Thornton.
11:57 of 1st period - Shot Misses the Net.
13:06 of 1st period - Braydon Coburn is hit by Ryan Wilson and loses puck.
13:39 of 1st period - Brian Boyle is hit by Matt Tennyson and loses puck.
14:01 of 1st period - Snap shot by Brett Ritchie.
14:01 of 1st period - Shot Misses the Net.
14:03 of 1st period - Snap shot by Daniel Paille.
14:03 of 1st period - Stopped by Pekka Rinne with a rebound.
14:05 of 1st period - Backhand shot by Jamie Oleksiak.
14:05 of 1st period - Stopped by Pekka Rinne with a rebound.
14:53 of 1st period - Gregory Campbell is hit by John Moore and loses puck.
15:32 of 1st period - Ryan Wilson is hit by Ryan Callahan and loses puck.
15:53 of 1st period - Wrist shot by Radim Vrbata.
15:53 of 1st period - Shot Misses the Net.
15:55 of 1st period - Slapshot by Jordie Benn.
15:55 of 1st period - Stopped by Tom McCollum without a rebound.
15:56 of 1st period - Mathieu Perreault wins face-off versus Casey Cizikas in Stars zone.
15:57 of 1st period - Slapshot by Radim Vrbata.
15:57 of 1st period - Shot Misses the Net.
15:59 of 1st period - Slapshot by Jordie Benn.
15:59 of 1st period - Stopped by Tom McCollum with a rebound.
16:22 of 1st period - Slapshot by Alex Goligoski.
16:22 of 1st period - Deflect By Joe Thornton.
16:22 of 1st period - Shot Misses the Net.
16:22 of 1st period - Puck is out of play.
16:23 of 1st period - Mike Richards wins face-off versus Gregory Campbell in Stars zone.
17:25 of 1st period - Wrist shot by Patrick Eaves.
17:25 of 1st period - Shot Blocked by Bo Horvat.
17:27 of 1st period - Slapshot by Francois Beauchemin.
17:27 of 1st period - Shot Misses the Net.
17:44 of 1st period - Minor Penalty to Erik Haula for Tripping.
17:45 of 1st period - Casey Cizikas wins face-off versus Mike Ribeiro in Stars zone.
17:45 of 1st period - Casey Cizikas is hit by Alex Goligoski.
18:14 of 1st period - Snap shot by John Moore.
18:14 of 1st period - Stopped by Pekka Rinne without a rebound.
18:15 of 1st period - Casey Cizikas wins face-off versus Joe Thornton in Canadiens zone.
18:22 of 1st period - Snap shot by Casey Cizikas.
18:22 of 1st period - Shot Misses the Net.
18:24 of 1st period - Snap shot by Matt Tennyson.
18:24 of 1st period - Shot Misses the Net.
18:26 of 1st period - Slapshot by Matt Tennyson.
18:26 of 1st period - Deflect By Brett Ritchie.
18:26 of 1st period - Shot Misses the Net.
18:26 of 1st period - Puck is out of play.
18:27 of 1st period - Joe Thornton wins face-off versus Casey Cizikas in Canadiens zone.
18:34 of 1st period - Slapshot by Joe Thornton.
18:34 of 1st period - Goal by Joe Thornton - Stars : 1 - Canadiens : 2.
18:35 of 1st period - Brian Boyle wins face-off versus Cory Conacher in neutral zone.
18:54 of 1st period - Snap shot by Mike Richards.
18:54 of 1st period - Deflect By Alex Goligoski.
18:54 of 1st period - Stopped by Pekka Rinne with a rebound.
18:56 of 1st period - Backhand shot by Ryan Wilson.
18:56 of 1st period - Stopped by Pekka Rinne without a rebound.
18:57 of 1st period - Mike Ribeiro wins face-off versus Casey Cizikas in Canadiens zone.
19:07 of 1st period - Off-side.
19:08 of 1st period - Mike Ribeiro wins face-off versus Casey Cizikas in neutral zone.
19:41 of 1st period - Casey Cizikas is hit by Mike Ribeiro and loses puck.
Goals for this period are 1 for Stars vs 2 for Canadiens.
Shots for this period are 15 for Stars vs 10 for Canadiens.

2nd period


0:01 of 2nd period - Joe Thornton wins face-off versus Cory Conacher in neutral zone.
0:06 of 2nd period - Wrist shot by Joe Thornton.
0:06 of 2nd period - Shot Misses the Net.
0:08 of 2nd period - Minor Penalty to Brett Ritchie for Holding.
0:09 of 2nd period - Joe Thornton wins face-off versus Erik Haula in Stars zone.
0:20 of 2nd period - Wrist shot by Justin Abdelkader.
0:20 of 2nd period - Shot Misses the Net.
0:22 of 2nd period - Wrist shot by Justin Abdelkader.
0:22 of 2nd period - Goal by Justin Abdelkader - Stars : 1 - Canadiens : 3.
0:23 of 2nd period - Cory Conacher wins face-off versus Joe Thornton in neutral zone.
0:42 of 2nd period - Alex Goligoski is hit by Cory Conacher and loses puck.
1:11 of 2nd period - Snap shot by Gabriel Bourque.
1:11 of 2nd period - Deflect By Justin Abdelkader.
1:11 of 2nd period - Shot Blocked by Dennis Seidenberg.
1:11 of 2nd period - Puck is out of play.
1:12 of 2nd period - Mike Ribeiro wins face-off versus Bo Horvat in Canadiens zone.
1:23 of 2nd period - Slapshot by Mike Ribeiro.
1:23 of 2nd period - Deflect By Mathieu Perreault.
1:23 of 2nd period - Shot Blocked by Patrik Nemeth.
1:23 of 2nd period - Puck is out of play.
1:24 of 2nd period - Mike Ribeiro wins face-off versus Casey Cizikas in Stars zone.
1:41 of 2nd period - Backhand shot by Ryan Callahan.
1:41 of 2nd period - Shot Misses the Net.
1:43 of 2nd period - Slapshot by Francois Beauchemin.
1:43 of 2nd period - Shot Blocked by Erik Haula.
1:45 of 2nd period - Snap shot by Francois Beauchemin.
1:45 of 2nd period - Shot Misses the Net.
1:47 of 2nd period - Snap shot by Mike Ribeiro.
1:47 of 2nd period - Stopped by Tom McCollum with a rebound.
1:49 of 2nd period - Slapshot by Braydon Coburn.
1:49 of 2nd period - Shot Blocked by Patrik Nemeth.
1:51 of 2nd period - Slapshot by Braydon Coburn.
1:51 of 2nd period - Stopped by Tom McCollum without a rebound.
1:52 of 2nd period - Brian Boyle wins face-off versus Cory Conacher in Stars zone.
2:19 of 2nd period - Slapshot by Alex Goligoski.
2:19 of 2nd period - Deflect By Patrick Eaves.
2:19 of 2nd period - Shot Misses the Net.
2:19 of 2nd period - Puck is out of play.
2:20 of 2nd period - Bo Horvat wins face-off versus Joe Thornton in Stars zone.
2:41 of 2nd period - Daniel Paille is hit by Justin Abdelkader and loses puck.
2:56 of 2nd period - Minor Penalty to Ryan Wilson for Hooking.
2:57 of 2nd period - Ryan Callahan wins face-off versus Brett Ritchie in Stars zone.
3:22 of 2nd period - Snap shot by Alex Goligoski.
3:22 of 2nd period - Stopped by Tom McCollum with a rebound.
3:24 of 2nd period - Slapshot by Francois Beauchemin.
3:24 of 2nd period - Shot Blocked by Jamie Oleksiak.
3:26 of 2nd period - Slapshot by Francois Beauchemin.
3:26 of 2nd period - Stopped by Tom McCollum without a rebound.
3:27 of 2nd period - Erik Haula wins face-off versus Joe Thornton in Stars zone.
3:49 of 2nd period - Wrist shot by Radim Vrbata.
3:49 of 2nd period - Shot Misses the Net.
3:51 of 2nd period - Slapshot by Ben Lovejoy.
3:51 of 2nd period - Stopped by Tom McCollum with a rebound.
3:53 of 2nd period - Slapshot by Jordie Benn.
3:53 of 2nd period - Shot Blocked by Jamie Oleksiak.
3:55 of 2nd period - Wrist shot by Joe Thornton.
3:55 of 2nd period - Goal by Joe Thornton - Stars : 1 - Canadiens : 4.
3:55 of 2nd period - Joacim Eriksson enters game.
3:56 of 2nd period - Mike Ribeiro wins face-off versus Mike Richards in neutral zone.
4:09 of 2nd period - Wrist shot by Mike Richards.
4:09 of 2nd period - Stopped by Pekka Rinne without a rebound.
4:10 of 2nd period - Mathieu Perreault wins face-off versus Jonathan Drouin in Canadiens zone.
5:17 of 2nd period - Joe Thornton is hit by Daniel Paille and loses puck.
5:49 of 2nd period - Snap shot by Patrick Eaves.
5:49 of 2nd period - Stopped by Joacim Eriksson with a rebound.
5:51 of 2nd period - Backhand shot by Jordie Benn.
5:51 of 2nd period - Shot Misses the Net.
5:53 of 2nd period - Slapshot by Patrick Eaves.
5:53 of 2nd period - Stopped by Joacim Eriksson without a rebound.
5:54 of 2nd period - Mike Richards wins face-off versus Maxim Lapierre in Stars zone.
5:54 of 2nd period - Mike Richards is hit by Gregory Campbell.
5:57 of 2nd period - Minor Penalty to Cory Conacher for Cross-checking.
5:58 of 2nd period - Mike Ribeiro wins face-off versus Erik Haula in Stars zone.
6:10 of 2nd period - Wrist shot by Brett Ritchie.
6:10 of 2nd period - Stopped by Pekka Rinne without a rebound.
6:11 of 2nd period - Erik Haula wins face-off versus Mike Ribeiro in Canadiens zone.
6:54 of 2nd period - Mike Richards is hit by Radim Vrbata and loses puck.
7:01 of 2nd period - Slapshot by Radim Vrbata.
7:01 of 2nd period - Goal by Radim Vrbata - Stars : 1 - Canadiens : 5.
7:02 of 2nd period - Joe Thornton wins face-off versus Cory Conacher in neutral zone.
7:28 of 2nd period - Wrist shot by Mike Richards.
7:28 of 2nd period - Deflect By Ben Lovejoy.
7:28 of 2nd period - Shot Misses the Net.
7:28 of 2nd period - Puck is out of play.
7:29 of 2nd period - Mike Ribeiro wins face-off versus Alexandre Burrows in Canadiens zone.
8:03 of 2nd period - Minor Penalty to Mike Ribeiro for Delaying the game.
8:04 of 2nd period - Maxim Lapierre wins face-off versus Brett Ritchie in Canadiens zone.
8:16 of 2nd period - Brian Boyle is hit by Cory Conacher and loses puck.
9:39 of 2nd period - Ben Lovejoy is hit by Ryan Wilson and loses puck.
9:44 of 2nd period - Snap shot by John Moore.
9:44 of 2nd period - Stopped by Pekka Rinne without a rebound.
9:45 of 2nd period - Gregory Campbell wins face-off versus Brett Ritchie in Canadiens zone.
10:02 of 2nd period - Snap shot by John Moore.
10:02 of 2nd period - Deflect By Casey Cizikas.
10:02 of 2nd period - Stopped by Pekka Rinne without a rebound.
10:03 of 2nd period - Penalty to Mike Ribeiro is over, Mike Ribeiro is back on ice.
10:03 of 2nd period - Brett Ritchie wins face-off versus Joe Thornton in Canadiens zone.
10:47 of 2nd period - Minor Penalty to Cory Conacher for Slashing.
10:48 of 2nd period - Mike Ribeiro wins face-off versus Brett Ritchie in Stars zone.
11:26 of 2nd period - Slapshot by Alex Goligoski.
11:26 of 2nd period - Deflect By Mike Ribeiro.
11:26 of 2nd period - Shot Misses the Net.
11:26 of 2nd period - Puck is out of play.
11:27 of 2nd period - Joe Thornton wins face-off versus Erik Haula in Stars zone.
11:28 of 2nd period - Wrist shot by Radim Vrbata.
11:28 of 2nd period - Shot Blocked by Jamie Oleksiak.
11:42 of 2nd period - Slapshot by Ryan Wilson.
11:42 of 2nd period - Shot Misses the Net.
12:46 of 2nd period - Snap shot by Justin Abdelkader.
12:46 of 2nd period - Stopped by Joacim Eriksson with a rebound.
12:47 of 2nd period - Penalty to Cory Conacher is over, Cory Conacher is back on ice.
13:09 of 2nd period - Alex Goligoski is hit by Manny Malhotra.
13:59 of 2nd period - Snap shot by Bo Horvat.
13:59 of 2nd period - Stopped by Pekka Rinne with a rebound.
14:01 of 2nd period - Slapshot by Gabriel Bourque.
14:01 of 2nd period - Shot Blocked by Gregory Campbell.
15:19 of 2nd period - Slapshot by Alexandre Burrows.
15:19 of 2nd period - Shot Hit the Post.
15:33 of 2nd period - Minor Penalty to Jaromir Jagr for Hooking.
15:34 of 2nd period - Maxim Lapierre wins face-off versus Brett Ritchie in Canadiens zone.
16:09 of 2nd period - Maxim Lapierre is hit by Mike Richards and loses puck.
16:20 of 2nd period - Minor Penalty to Dennis Seidenberg for Hooking.
16:21 of 2nd period - Brian Boyle wins face-off versus Brett Ritchie in Canadiens zone.
16:36 of 2nd period - Brian Boyle is hit by Cory Conacher and loses puck.
17:33 of 2nd period - Penalty to Jaromir Jagr is over, Jaromir Jagr is back on ice.
17:43 of 2nd period - Ben Lovejoy is hit by Bo Horvat.
17:51 of 2nd period - Wrist shot by Casey Cizikas.
17:51 of 2nd period - Stopped by Pekka Rinne without a rebound.
17:52 of 2nd period - Bo Horvat wins face-off versus Maxim Lapierre in Canadiens zone.
18:20 of 2nd period - Penalty to Dennis Seidenberg is over, Dennis Seidenberg is back on ice.
18:28 of 2nd period - Justin Abdelkader is hit by Ryan Wilson and loses puck.
18:51 of 2nd period - Snap shot by Joe Thornton.
18:51 of 2nd period - Shot Misses the Net.
18:53 of 2nd period - Slapshot by Joe Thornton.
18:53 of 2nd period - Shot Blocked by Daniel Paille.
18:55 of 2nd period - Snap shot by Justin Abdelkader.
18:55 of 2nd period - Stopped by Joacim Eriksson with a rebound.
18:57 of 2nd period - Slapshot by Jordie Benn.
18:57 of 2nd period - Shot Misses the Net.
18:59 of 2nd period - Wrist shot by Joe Thornton.
18:59 of 2nd period - Shot Misses the Net.
19:27 of 2nd period - Jamie Oleksiak is hit by Ryan Callahan and loses puck.
19:34 of 2nd period - Slapshot by John Moore.
19:34 of 2nd period - Deflect By Ryan Callahan.
19:34 of 2nd period - Stopped by Pekka Rinne without a rebound.
19:35 of 2nd period - Mike Richards wins face-off versus Maxim Lapierre in Canadiens zone.
19:39 of 2nd period - Minor Penalty to Maxim Lapierre for Hooking.
19:40 of 2nd period - Jaromir Jagr wins face-off versus Brett Ritchie in Canadiens zone.
19:50 of 2nd period - Alex Goligoski is hit by John Moore.
19:56 of 2nd period - Snap shot by Casey Cizikas.
19:56 of 2nd period - Shot Misses the Net.
19:58 of 2nd period - Snap shot by Brett Ritchie.
19:58 of 2nd period - Shot Blocked by Alex Goligoski.
Goals for this period are 0 for Stars vs 3 for Canadiens.
Shots for this period are 7 for Stars vs 12 for Canadiens.

3rd period


0:01 of 3rd period - Jaromir Jagr wins face-off versus Brett Ritchie in neutral zone.
0:26 of 3rd period - Slapshot by John Moore.
0:26 of 3rd period - Deflect By Brett Ritchie.
0:26 of 3rd period - Shot Misses the Net.
0:26 of 3rd period - Puck is out of play.
0:27 of 3rd period - Erik Haula wins face-off versus Jaromir Jagr in Canadiens zone.
0:52 of 3rd period - Jaromir Jagr is hit by Ryan Wilson and loses puck.
0:59 of 3rd period - Slapshot by Mike Richards.
0:59 of 3rd period - Stopped by Pekka Rinne without a rebound.
1:00 of 3rd period - Brett Ritchie wins face-off versus Mathieu Perreault in Canadiens zone.
1:07 of 3rd period - Snap shot by Casey Cizikas.
1:07 of 3rd period - Stopped by Pekka Rinne without a rebound.
1:08 of 3rd period - Brett Ritchie wins face-off versus Mathieu Perreault in Canadiens zone.
1:37 of 3rd period - Snap shot by Casey Cizikas.
1:37 of 3rd period - Shot Misses the Net.
1:39 of 3rd period - Penalty to Maxim Lapierre is over, Maxim Lapierre is back on ice.
1:39 of 3rd period - Slapshot by Cory Conacher.
1:39 of 3rd period - Stopped by Pekka Rinne with a rebound.
1:41 of 3rd period - Slapshot by Jamie Oleksiak.
1:41 of 3rd period - Stopped by Pekka Rinne without a rebound.
1:42 of 3rd period - Bo Horvat wins face-off versus Mike Ribeiro in Canadiens zone.
2:02 of 3rd period - Wrist shot by Ryan Callahan.
2:02 of 3rd period - Stopped by Joacim Eriksson with a rebound.
2:04 of 3rd period - Snap shot by Mike Ribeiro.
2:04 of 3rd period - Stopped by Joacim Eriksson with a rebound.
2:06 of 3rd period - Wrist shot by Ben Lovejoy.
2:06 of 3rd period - Shot Blocked by Patrik Nemeth.
2:08 of 3rd period - Slapshot by Ben Lovejoy.
2:08 of 3rd period - Shot Misses the Net.
2:10 of 3rd period - Slapshot by Jordie Benn.
2:10 of 3rd period - Deflect By Patrik Nemeth.
2:10 of 3rd period - Stopped by Joacim Eriksson with a rebound.
2:12 of 3rd period - Slapshot by Ben Lovejoy.
2:12 of 3rd period - Shot Blocked by Ryan Wilson.
2:14 of 3rd period - Wrist shot by Jordie Benn.
2:14 of 3rd period - Shot Misses the Net.
2:16 of 3rd period - Snap shot by Mike Ribeiro.
2:16 of 3rd period - Deflect By Ryan Callahan.
2:16 of 3rd period - Shot Misses the Net.
2:16 of 3rd period - Puck is out of play.
2:17 of 3rd period - Joe Thornton wins face-off versus Cory Conacher in Stars zone.
2:39 of 3rd period - Minor Penalty to Cory Conacher for Roughing.
2:40 of 3rd period - Mike Ribeiro wins face-off versus Erik Haula in Stars zone.
2:40 of 3rd period - Wrist shot by Mathieu Perreault.
2:40 of 3rd period - Shot Hit the Post.
3:47 of 3rd period - Francois Beauchemin is hit by Matt Tennyson and loses puck.
4:39 of 3rd period - Penalty to Cory Conacher is over, Cory Conacher is back on ice.
4:50 of 3rd period - Minor Penalty to Ryan Wilson for Hooking.
4:51 of 3rd period - Joe Thornton wins face-off versus Mike Richards in Stars zone.
5:09 of 3rd period - Wrist shot by Erik Haula.
5:09 of 3rd period - Shot Misses the Net.
6:10 of 3rd period - Francois Beauchemin is hit by John Moore and loses puck.
6:17 of 3rd period - Mathieu Perreault is hit by John Moore and loses puck.
6:40 of 3rd period - Wrist shot by Joe Thornton.
6:40 of 3rd period - Shot Misses the Net.
6:50 of 3rd period - Penalty to Ryan Wilson is over, Ryan Wilson is back on ice.
8:04 of 3rd period - Wrist shot by Jonathan Drouin.
8:04 of 3rd period - Stopped by Pekka Rinne with a rebound.
8:18 of 3rd period - Jonathan Drouin is hit by Brian Boyle and loses puck.
9:01 of 3rd period - Jordie Benn is hit by Alexandre Burrows and loses puck.
9:32 of 3rd period - Slapshot by Mike Richards.
9:32 of 3rd period - Stopped by Pekka Rinne without a rebound.
9:33 of 3rd period - Joe Thornton wins face-off versus Cory Conacher in Canadiens zone.
9:35 of 3rd period - Minor Penalty to Justin Abdelkader for Interference.
9:36 of 3rd period - Maxim Lapierre wins face-off versus Brett Ritchie in Canadiens zone.
9:54 of 3rd period - Ryan Wilson is hit by Ben Lovejoy and loses puck.
10:35 of 3rd period - Ryan Wilson is hit by Joe Thornton and loses puck.
10:52 of 3rd period - Ben Lovejoy is hit by Matt Tennyson.
11:15 of 3rd period - Brian Boyle is hit by Brett Ritchie and loses puck.
11:28 of 3rd period - Slapshot by Joe Thornton.
11:28 of 3rd period - Stopped by Joacim Eriksson without a rebound.
11:29 of 3rd period - Gregory Campbell wins face-off versus Brett Ritchie in Stars zone.
11:35 of 3rd period - Penalty to Justin Abdelkader is over, Justin Abdelkader is back on ice.
11:51 of 3rd period - Manny Malhotra is hit by Gregory Campbell and loses puck.
11:58 of 3rd period - Snap shot by Mike Richards.
11:58 of 3rd period - Stopped by Pekka Rinne with a rebound.
12:21 of 3rd period - Mathieu Perreault is hit by Gabriel Bourque and loses puck.
12:30 of 3rd period - Gabriel Bourque is hit by Mathieu Perreault and loses puck.
12:57 of 3rd period - Snap shot by Patrick Eaves.
12:57 of 3rd period - Stopped by Joacim Eriksson with a rebound.
12:59 of 3rd period - Slapshot by Jordie Benn.
12:59 of 3rd period - Deflect By Jonathan Drouin.
12:59 of 3rd period - Stopped by Joacim Eriksson with a rebound.
13:13 of 3rd period - Patrick Eaves is hit by Mike Richards and loses puck.
13:30 of 3rd period - Erik Haula is hit by Justin Abdelkader and loses puck.
14:28 of 3rd period - Backhand shot by Mike Richards.
14:28 of 3rd period - Shot Blocked by Ben Lovejoy.
14:30 of 3rd period - Wrist shot by Mike Richards.
14:30 of 3rd period - Stopped by Pekka Rinne with a rebound.
14:32 of 3rd period - Slapshot by John Moore.
14:32 of 3rd period - Shot Blocked by Brian Boyle.
15:24 of 3rd period - Snap shot by Mike Ribeiro.
15:24 of 3rd period - Deflect By Mathieu Perreault.
15:24 of 3rd period - Shot Blocked by Matt Tennyson.
15:24 of 3rd period - Puck is out of play.
15:25 of 3rd period - Mike Richards wins face-off versus Mathieu Perreault in Stars zone.
15:27 of 3rd period - Icing by Jonathan Drouin.
15:28 of 3rd period - Mike Ribeiro wins face-off versus Mike Richards in Stars zone.
15:41 of 3rd period - Wrist shot by Jonathan Drouin.
15:41 of 3rd period - Shot Misses the Net.
15:43 of 3rd period - Slapshot by Mike Richards.
15:43 of 3rd period - Stopped by Pekka Rinne with a rebound.
15:59 of 3rd period - Slapshot by John Moore.
15:59 of 3rd period - Shot Blocked by Dennis Seidenberg.
16:01 of 3rd period - Slapshot by John Moore.
16:01 of 3rd period - Shot Misses the Net.
16:03 of 3rd period - Snap shot by John Moore.
16:03 of 3rd period - Shot Misses the Net.
16:05 of 3rd period - Snap shot by Casey Cizikas.
16:05 of 3rd period - Shot Misses the Net.
17:09 of 3rd period - Jordie Benn is hit by Cory Conacher and loses puck.
18:09 of 3rd period - Snap shot by Mathieu Perreault.
18:09 of 3rd period - Goal by Mathieu Perreault - Stars : 1 - Canadiens : 6.
18:10 of 3rd period - Joe Thornton wins face-off versus Mike Richards in neutral zone.
18:15 of 3rd period - Wrist shot by Justin Abdelkader.
18:15 of 3rd period - Stopped by Joacim Eriksson with a rebound.
18:17 of 3rd period - Slapshot by Braydon Coburn.
18:17 of 3rd period - Deflect By Mike Richards.
18:17 of 3rd period - Goal by Braydon Coburn - Stars : 1 - Canadiens : 7.
18:18 of 3rd period - Casey Cizikas wins face-off versus Ryan Callahan in neutral zone.
18:20 of 3rd period - Minor Penalty to Alexandre Burrows for Tripping.
18:21 of 3rd period - Mike Ribeiro wins face-off versus Erik Haula in Stars zone.
18:27 of 3rd period - Snap shot by Mathieu Perreault.
18:27 of 3rd period - Stopped by Joacim Eriksson without a rebound.
18:28 of 3rd period - Mike Ribeiro wins face-off versus Erik Haula in Stars zone.
18:29 of 3rd period - Snap shot by Mathieu Perreault.
18:29 of 3rd period - Stopped by Joacim Eriksson with a rebound.
18:33 of 3rd period - Snap shot by Ryan Callahan.
18:33 of 3rd period - Goal by Ryan Callahan - Stars : 1 - Canadiens : 8.
18:34 of 3rd period - Radim Vrbata wins face-off versus Cory Conacher in neutral zone.
19:02 of 3rd period - Minor Penalty to Justin Abdelkader for Interference.
19:03 of 3rd period - Maxim Lapierre wins face-off versus Casey Cizikas in Canadiens zone.
19:43 of 3rd period - Brian Boyle is hit by Daniel Paille and loses puck.
Goals for this period are 0 for Stars vs 3 for Canadiens.
Shots for this period are 9 for Stars vs 12 for Canadiens.